 Dungeon Crawl Stone Soup version 0.30.1 (webtiles) character file.

Game seed: 13517551345836224508

2 javelincjr the Caller (level 1, -1/13 HPs)
             Began as a Demonspawn Summoner on July 12, 2023.
             Slain by a kobold
             ... wielding a +0 dagger
              (3 damage)
             ... on level 1 of the Dungeon.
             The game lasted 00:01:03 (82 turns).

javelincjr the Caller (Demonspawn Summoner)           Turns: 82, Time: 00:01:04

Health: -1/13      AC:  2    Str:  8    XL:     1   Next: 33%
Magic:  0/3        EV: 12    Int: 16    God:
Gold:   0          SH:  0    Dex: 13    Spells: 3/4 levels left

rFire   . . .        (no weapon)
rCold   . . .        (no shield)
rNeg    . . .        a - +0 robe
rPois   .            (no helmet)
rElec   .            (no cloak)
rCorr   .            (no gloves)
SInv    .            (no boots)
Will    .....        (no amulet)
Stlth   ++           (no ring)
HPRegen 0.22/turn    (no ring)
MPRegen 0.08/turn

%: no passive effects
@: no status effects
A: no striking features
a: no special abilities


You were on level 1 of the Dungeon.
You visited 1 branch of the dungeon, and saw 1 of its levels.

Inventory:

Armour
 a - a +0 robe (worn)
Potions
 b - a potion of magic


   Skills:
 + Level 1.8 Dodging
 + Level 1.8 Stealth
 + Level 2.0 Spellcasting
 + Level 4.0 Summonings


You had 3 spell levels left.
You knew the following spells:

 Your Spells              Type           Power      Damage    Failure   Level
a - Summon Small Mammal   Summ           56%        N/A       4%          1

Your spell library contained the following spells:

 Spells                   Type           Power      Damage    Failure   Level
 Call Imp                 Summ           28%        N/A       6%          2
 Call Canine Familiar     Summ           14%        N/A       12%         3
 Summon Guardian Golem    Hex/Summ       8%         N/A       26%         3
 Summon Lightning Spire   Summ/Air       8%         N/A       65%         4


Dungeon Overview and Level Annotations

Branches:
Dungeon (1/15)

Altars:


Message History

Your quokka barely misses the hobgoblin.
The kobold hits your quokka with a +0 dagger.
Your quokka dies!
Your quokka's corpse disappears in a puff of smoke!
A hobgoblin comes into view.
The hobgoblin hits you but does no damage.
Your rat bites the hobgoblin but does no damage.
Your rat bites the hobgoblin.
The hobgoblin dies!
Your rat closely misses the kobold.
The kobold hits your rat with a +0 dagger.
Your rat dies!
Your rat's corpse disappears in a puff of smoke!
An endoplasm comes into view.
A goblin comes into view. It is wielding a +0 club.
The endoplasm quivers.
The goblin shouts!
Casting: Summon Small Mammal (safe; 4% risk of failure)
Confirm with . or Enter, or press ? or * to list all spells.
You closely miss the kobold. The kobold closely misses you.
You hit the kobold but do no damage. The kobold closely misses you.
Your rat closely misses the kobold.
The hobgoblin barely misses you. The kobold barely misses you.
The hobgoblin hits you.
* * * LOW HITPOINT WARNING * * *
Your rat barely misses the kobold.
The endoplasm closely misses your rat.
Your rat barely misses the goblin.
The kobold attacks as you move away! The kobold barely misses you.
The hobgoblin misses you.
The endoplasm completely misses your rat.
Your rat closely misses the goblin.
The kobold attacks as you move away! The kobold hits you with a +0 dagger.
* * * LOW HITPOINT WARNING * * *
The endoplasm hits your rat.
Your rat dies!
Your rat's corpse disappears in a puff of smoke!
The kobold attacks as you move away! The kobold hits you with a +0 dagger.
* * * LOW HITPOINT WARNING * * *
The kobold attacks as you move away! The kobold barely misses you.
The kobold attacks as you move away! The kobold hits you with a +0 dagger.
You die...

#..............#....
...................#
#####..J.......#...
......#§...........
##..#..........## #...
###.......## ###.#
#.g......##
......####.........#
.......@Kg......†..###..
......#######..#.#....?.
..... ##...####... ....
#..### .. ### #.## .
##.## #...# ##'''##
##8...8##


You could see a hobgoblin and a kobold.

Vanquished Creatures (collateral kills)
  A hobgoblin (D:1)
  A quokka (D:1)
2 creatures vanquished.

Notes
Turn   | Place    | Note
-------+----------+-------------------------------------------
     0 | D:1      | javelincjr the Demonspawn Summoner began the quest for the
                  | Orb.
     0 | D:1      | Reached XP level 1. HP: 13/13 MP: 3/3
    82 | D:1      | Slain by a kobold

Illustrated notes

Levels and vault maps discovered:
D:1:      kennysheep_arrival_forest, layout_rooms,
          dreamdust_ecumenical_altar_drowned_temple, amcnicky_mini_pool_small

Action                     || total
---------------------------++-------
  Melee: Unarmed           ||    16
   Cast: Summon Small Mamm ||     7
 Armour: Robe              ||     3
  Dodge: Dodged            ||    23
